| TOP OF THE 1ST |
|
Colorado Springs Sky Sox batting - Pitching for Gwinnett Braves : RHP Alan Shanahan
|
|
Pitching: RHP Alan Shanahan
|
|
|
Batting: RHB Kennet Strijbis
|
0-0: Fly out, F6 (Line Drive, 6, EV 71.3 MPH)
|
|
Batting: LHB Dave Doughty
|
0-0: Fly out, F9 (Flyball, 9LS, EV 93.1 MPH)
|
|
Batting: LHB Koson Hirai
|
0-0: Foul Ball, location: 2F 0-1: TRIPLE (Flyball, 78XD, EV 106.3 MPH)
|
|
Batting: RHB Devine Adams
|
0-0: Ground out 1-3 (Groundball, 13S, EV 67.5 MPH)
|
| Top of the 1st over - 0 runs, 1 hit, 0 errors, 1 left on base; Colorado Springs 0 - Gwinnett 0 |
| BOTTOM OF THE 1ST |
|
Gwinnett Braves batting - Pitching for Colorado Springs Sky Sox : RHP Edward Cadenhead
|
|
Pitching: RHP Edward Cadenhead
|
|
|
Batting: RHB Bill Turnbull
|
0-0: Called Strike 0-1: Ball 1-1: Foul Ball, location: 2F 1-2: Ball 2-2: Ground out 1-3 (Groundball, 13S, EV 65.0 MPH)
|
|
Batting: RHB Luis Revilla
|
0-0: Foul Ball, location: 2F 0-1: Ground out 6-3 (Groundball, 56, EV 81.3 MPH)
|
|
Batting: LHB Curt Nelson
|
0-0: Ball 1-0: Fly out, F8 (Line Drive, 8RD, EV 93.1 MPH)
|
| Bottom of the 1st over - 0 runs, 0 hits, 0 errors, 0 left on base; Colorado Springs 0 - Gwinnett 0 |
| TOP OF THE 2ND |
|
Colorado Springs Sky Sox batting - Pitching for Gwinnett Braves : RHP Alan Shanahan
|
|
Batting: RHB Bobby Bowman
|
0-0: Ball 1-0: Ball 2-0: Swinging Strike 2-1: DOUBLE (Line Drive, 89XD, EV 103.8 MPH)
|
|
Batting: RHB George Lundy
|
0-0: Ball 1-0: Foul Ball, location: 2F 1-1: Foul Ball, location: 2F 1-2: Ball 2-2: Ground out 5-3 (Groundball, 56, EV 102.5 MPH)
|
|
Batting: RHB Orlando Fernandez
|
0-0: Ball 1-0: SINGLE (Groundball, 56D, EV 95.0 MPH) Bobby Bowman to third Runner from 3rd tries for Home, SAFE, throw by LF to home
|
|
Batting: RHB Fu-Kang Duan
|
0-0: Ball Orlando Fernandez is caught stealing 2nd base 2-4 1-0: Called Strike 1-1: Called Strike 1-2: Strikes out looking
|
| Top of the 2nd over - 1 run, 2 hits, 0 errors, 0 left on base; Colorado Springs 1 - Gwinnett 0 |
| BOTTOM OF THE 2ND |
|
Gwinnett Braves batting - Pitching for Colorado Springs Sky Sox : RHP Edward Cadenhead
|
|
Batting: RHB Jake Lang
|
0-0: Ground out 5-3 (Groundball, 56S, EV 80.0 MPH)
|
|
Batting: LHB Davey Schonewille
|
0-0: Ball 1-0: Foul Ball, location: 2F 1-1: Foul Ball, location: 2F 1-2: Ball 2-2: SINGLE (Groundball, 6MD, EV 107.5 MPH)
|
|
Batting: RHB Ian Sousa
|
0-0: Called Strike 0-1: Single, Error in OF, E8, batter to second base (Groundball, 6MD, EV 95.0 MPH) Davey Schonewille to third
|
|
Batting: RHB Jesse Lester
|
0-0: Ball 1-0: Called Strike 1-1: Ground out 4-3 (Groundball, 4, EV 107.5 MPH) Davey Schonewille scores Ian Sousa to third
|
|
Batting: RHB Alex Munoz
|
0-0: Foul Ball, location: 2F 0-1: Called Strike 0-2: Foul Ball, location: 2F 0-2: Ball 1-2: Ground out 6-3 (Groundball, 6, EV 85.0 MPH)
|
| Bottom of the 2nd over - 1 run, 2 hits, 1 error, 1 left on base; Colorado Springs 1 - Gwinnett 1 |
| TOP OF THE 3RD |
|
Colorado Springs Sky Sox batting - Pitching for Gwinnett Braves : RHP Alan Shanahan
|
|
Batting: RHB Eduardo Camacho
|
0-0: Ball 1-0: Foul Ball, location: 2F 1-1: Ball 2-1: DOUBLE (Line Drive, 89XD, EV 101.9 MPH)
|
|
Batting: RHB Kennet Strijbis
|
0-0: Called Strike 0-1: Ball 1-1: Fly out, F8 (Flyball, 8RD, EV 103.8 MPH)
|
|
Batting: LHB Dave Doughty
|
0-0: Fly out, F7 (Line Drive, 7D, EV 89.4 MPH)
|
|
Batting: LHB Koson Hirai
|
0-0: Foul Ball, location: 2F 0-1: Swinging Strike 0-2: Strikes out swinging
|
| Top of the 3rd over - 0 runs, 1 hit, 0 errors, 1 left on base; Colorado Springs 1 - Gwinnett 1 |
| BOTTOM OF THE 3RD |
|
Gwinnett Braves batting - Pitching for Colorado Springs Sky Sox : RHP Edward Cadenhead
|
|
Batting: RHB T.J. Jordan
|
0-0: SINGLE (Line Drive, 8LS, EV 106.9 MPH)
|
|
Batting: RHB Bill Turnbull
|
0-0: Ball 1-0: SINGLE (Groundball, 25, EV 69.4 MPH) (infield hit) T.J. Jordan to second
|
|
Batting: RHB Luis Revilla
|
0-0: Ball 1-0: Foul Ball, location: 2F 1-1: Fly out, F7 (Flyball, 7, EV 83.1 MPH)
|
|
Batting: LHB Curt Nelson
|
0-0: Foul Ball, location: 2F 0-1: Foul Ball, location: 2F 0-2: Ball 1-2: Ball 2-2: Foul Ball, location: 2F 2-2: Ball 3-2: Base on Balls T.J. Jordan to third Bill Turnbull to second
|
|
Batting: RHB Jake Lang
|
0-0: Called Strike 0-1: Ball 1-1: Foul Ball, location: 2F 1-2: Fielders Choice at 2nd, 5-4 (Groundball, 56, EV 100.0 MPH) T.J. Jordan scores Bill Turnbull to third
|
|
Batting: LHB Davey Schonewille
|
0-0: Hit by Pitch Jake Lang to second
|
|
Batting: RHB Ian Sousa
|
0-0: Called Strike 0-1: Ball 1-1: Foul Ball, location: 2F 1-2: Strikes out swinging
|
| Bottom of the 3rd over - 1 run, 2 hits, 0 errors, 3 left on base; Colorado Springs 1 - Gwinnett 2 |
| TOP OF THE 4TH |
|
Colorado Springs Sky Sox batting - Pitching for Gwinnett Braves : RHP Alan Shanahan
|
|
Batting: RHB Devine Adams
|
0-0: Called Strike 0-1: Foul Ball, location: 2F 0-2: Ground out 3-1 (Groundball, 34, EV 84.4 MPH)
|
|
Batting: RHB Bobby Bowman
|
0-0: Foul Ball, location: 2F 0-1: Fly out, F9 (Flyball, 9LM, EV 73.8 MPH)
|
|
Batting: RHB George Lundy
|
0-0: Called Strike 0-1: Ball 1-1: Foul Ball, location: 2F 1-2: Foul Ball, location: 2F 1-2: Foul Ball, location: 2F 1-2: Foul Ball, location: 2F 1-2: Ball 2-2: Foul Ball, location: 2F 2-2: Foul Ball, location: 2F 2-2: Strikes out swinging
|
| Top of the 4th over - 0 runs, 0 hits, 0 errors, 0 left on base; Colorado Springs 1 - Gwinnett 2 |
| BOTTOM OF THE 4TH |
|
Gwinnett Braves batting - Pitching for Colorado Springs Sky Sox : RHP Edward Cadenhead
|
|
Batting: RHB Jesse Lester
|
0-0: Ball 1-0: Fly out, F8 (Line Drive, 8RD, EV 91.3 MPH)
|
|
Batting: RHB Alex Munoz
|
0-0: Ball 1-0: Called Strike 1-1: Ball 2-1: Ball 3-1: Swinging Strike 3-2: Strikes out swinging
|
|
Batting: RHB T.J. Jordan
|
0-0: SINGLE (Line Drive, 3D, EV 110.0 MPH)
|
|
Batting: RHB Bill Turnbull
|
0-0: Ball 1-0: Called Strike 1-1: Foul Ball, location: 2F 1-2: Foul Ball, location: 2F 1-2: Fielders Choice at 2nd, 6-4 (Groundball, 6, EV 108.1 MPH)
|
| Bottom of the 4th over - 0 runs, 1 hit, 0 errors, 1 left on base; Colorado Springs 1 - Gwinnett 2 |
| TOP OF THE 5TH |
|
Colorado Springs Sky Sox batting - Pitching for Gwinnett Braves : RHP Alan Shanahan
|
|
Batting: RHB Orlando Fernandez
|
0-0: Swinging Strike 0-1: Ball 1-1: Ball 2-1: Foul Ball, location: 2F 2-2: Strikes out swinging passed ball, reaches first!
|
|
Batting: RHB Fu-Kang Duan
|
0-0: Ball 1-0: SINGLE (Flyball, 8LS, EV 95.0 MPH) Orlando Fernandez to second
|
|
Batting: RHB Eduardo Camacho
|
0-0: SINGLE (Line Drive, 34D, EV 93.8 MPH) Orlando Fernandez to third Fu-Kang Duan to second
|
|
Batting: RHB Kennet Strijbis
|
0-0: Called Strike 0-1: Ball 1-1: Ball 2-1: Grounds into fielders choice 4-2 (Groundball, 34, EV 102.5 MPH) Fu-Kang Duan to third Eduardo Camacho to second
|
|
Batting: LHB Dave Doughty
|
0-0: SINGLE (Groundball, 6MD, EV 103.8 MPH) Fu-Kang Duan scores Eduardo Camacho to third Kennet Strijbis to second
|
|
Batting: LHB Koson Hirai
|
0-0: Swinging Strike 0-1: Fly out, F8 (Flyball, 8LXD, EV 107.5 MPH) Runner from 3rd tags up, SCORES, no throw by CF Kennet Strijbis to third
|
|
Batting: RHB Devine Adams
|
0-0: Ball 1-0: Ball 2-0: Ground out U3 (Groundball, 34, EV 98.8 MPH)
|
| Top of the 5th over - 2 runs, 3 hits, 0 errors, 2 left on base; Colorado Springs 3 - Gwinnett 2 |
| BOTTOM OF THE 5TH |
|
Gwinnett Braves batting - Pitching for Colorado Springs Sky Sox : RHP Edward Cadenhead
|
|
Batting: RHB Luis Revilla
|
0-0: Ball 1-0: Ball 2-0: Called Strike 2-1: Foul Ball, location: 2F 2-2: Ground out 4-3 (Groundball, 4, EV 105.0 MPH)
|
|
Batting: LHB Curt Nelson
|
0-0: DOUBLE (Flyball, 8RXD, EV 93.8 MPH)
|
|
Batting: RHB Jake Lang
|
0-0: Ball 1-0: Called Strike 1-1: Foul Ball, location: 2F 1-2: Reached on error, E6 (Groundball, 6M, EV 105.0 MPH) Curt Nelson to third
|
|
Batting: LHB Davey Schonewille
|
0-0: Ball 1-0: Ball 2-0: Ball 3-0: Called Strike 3-1: Called Strike 3-2: Grounds into double play, 4-6-3 (Groundball, 34, EV 80.0 MPH)
|
| Bottom of the 5th over - 0 runs, 1 hit, 1 error, 1 left on base; Colorado Springs 3 - Gwinnett 2 |
| TOP OF THE 6TH |
|
Colorado Springs Sky Sox batting - Pitching for Gwinnett Braves : RHP Alan Shanahan
|
|
Batting: RHB Bobby Bowman
|
0-0: Foul Ball, location: 2F 0-1: Ball 1-1: Ground out 5-3 (Groundball, 56S, EV 86.3 MPH)
|
|
Batting: RHB George Lundy
|
0-0: Called Strike 0-1: Swinging Strike 0-2: Foul Ball, location: 2F 0-2: Ball 1-2: Ground out 6-3 (Groundball, 56D, EV 96.3 MPH)
|
|
Batting: RHB Orlando Fernandez
|
0-0: SINGLE (Line Drive, 8RS, EV 105.0 MPH)
|
|
Batting: RHB Fu-Kang Duan
|
0-0: Ball 1-0: Called Strike 1-1: Ball 2-1: Ball 3-1: Base on Balls Orlando Fernandez to second
|
|
Pitching: RHP Luis Alvarez
|
|
|
Batting: RHB Eduardo Camacho
|
0-0: Called Strike 0-1: Ball 1-1: Ground out 4-3 (Groundball, 4, EV 90.0 MPH)
|
| Top of the 6th over - 0 runs, 1 hit, 0 errors, 2 left on base; Colorado Springs 3 - Gwinnett 2 |
| BOTTOM OF THE 6TH |
|
Gwinnett Braves batting - Pitching for Colorado Springs Sky Sox : RHP Edward Cadenhead
|
|
Batting: RHB Ian Sousa
|
0-0: Ball 1-0: Called Strike 1-1: Ground out 4-3 (Groundball, 4, EV 90.0 MPH)
|
|
Batting: RHB Jesse Lester
|
0-0: Foul Ball, location: 2F 0-1: Ground out 4-3 (Groundball, 4, EV 83.8 MPH)
|
|
Batting: RHB Alex Munoz
|
0-0: Ball 1-0: Ball 2-0: Ground out 6-3 (Groundball, 6, EV 85.6 MPH)
|
| Bottom of the 6th over - 0 runs, 0 hits, 0 errors, 0 left on base; Colorado Springs 3 - Gwinnett 2 |
| TOP OF THE 7TH |
|
Colorado Springs Sky Sox batting - Pitching for Gwinnett Braves : RHP Luis Alvarez
|
|
Batting: RHB Kennet Strijbis
|
0-0: Foul Ball, location: 2F 0-1: Foul Ball, location: 2F 0-2: Ball 1-2: Ball 2-2: Ground out 5-3 (Groundball, 5S, EV 63.1 MPH)
|
|
Batting: LHB Dave Doughty
|
0-0: Ball 1-0: Foul Ball, location: 2F 1-1: Foul Ball, location: 2F 1-2: Ball 2-2: Foul Ball, location: 2F 2-2: Strikes out swinging
|
|
Batting: LHB Koson Hirai
|
0-0: Called Strike 0-1: Ball 1-1: Ball 2-1: Foul Ball, location: 2F 2-2: SOLO HOME RUN (Flyball, 7D, EV 98.8 MPH), Distance : 378 ft
|
|
Batting: RHB Devine Adams
|
0-0: Ball 1-0: Ball 2-0: Foul Ball, location: 2F 2-1: Foul Ball, location: 2F 2-2: SINGLE (Flyball, 56D, EV 86.3 MPH)
|
|
Batting: RHB Bobby Bowman
|
0-0: Ball 1-0: Called Strike 1-1: Ball 2-1: Fly out, F7 (Flyball, 78D, EV 90.0 MPH)
|
| Top of the 7th over - 1 run, 2 hits, 0 errors, 1 left on base; Colorado Springs 4 - Gwinnett 2 |
| BOTTOM OF THE 7TH |
|
Gwinnett Braves batting - Pitching for Colorado Springs Sky Sox : RHP Edward Cadenhead
|
|
Batting: RHB T.J. Jordan
|
0-0: Swinging Strike 0-1: Foul Ball, location: 2F 0-2: Ball 1-2: Strikes out swinging
|
|
Batting: RHB Bill Turnbull
|
0-0: Foul Ball, location: 2F 0-1: Ball 1-1: Ground out 6-3 (Groundball, 6, EV 83.1 MPH)
|
|
Pitching: RHP Mason Albrecht
|
|
|
Batting: RHB Luis Revilla
|
0-0: Ball 1-0: Ball 2-0: Ball 3-0: Called Strike 3-1: Base on Balls
|
|
Batting: LHB Curt Nelson
|
0-0: Ball 1-0: Called Strike 1-1: Called Strike 1-2: Foul Ball, location: 2F 1-2: SINGLE (Groundball, 4D, EV 104.4 MPH) Luis Revilla to second Runner from 2nd tries for 3rd, SAFE, throw by CF made to third Curt Nelson to second
|
|
Batting: RHB Jake Lang
|
0-0: Swinging Strike 0-1: Ball 1-1: Foul Ball, location: 2F 1-2: Ball 2-2: Strikes out swinging
|
| Bottom of the 7th over - 0 runs, 1 hit, 0 errors, 2 left on base; Colorado Springs 4 - Gwinnett 2 |
| TOP OF THE 8TH |
|
Colorado Springs Sky Sox batting - Pitching for Gwinnett Braves : RHP Luis Alvarez
|
|
Pitching: RHP Craig Noble
|
|
|
Batting: RHB George Lundy
|
0-0: Swinging Strike 0-1: Ball 1-1: Ball 2-1: Ball 3-1: Base on Balls
|
|
Batting: RHB Orlando Fernandez
|
0-0: Ball 1-0: Ball 2-0: Bunt missed! 2-1: Sac Bunt to 25 - play at first, batter OUT! 5-4 George Lundy to second
|
|
Batting: RHB Fu-Kang Duan
|
0-0: Called Strike 0-1: Called Strike 0-2: Foul Ball, location: 2F 0-2: Ball 1-2: SINGLE (Groundball, 5S, EV 73.8 MPH) (infield hit) George Lundy to third
|
|
Batting: RHB Eduardo Camacho
|
0-0: Called Strike 0-1: Ball 1-1: Foul Ball, location: 2F 1-2: Ball 2-2: Ball Fu-Kang Duan steals 2nd base 3-2: Foul Ball, location: 2F 3-2: Foul Ball, location: 2F 3-2: Foul Ball, location: 2F 3-2: Foul Ball, location: 2F 3-2: SINGLE (Groundball, 6MD, EV 103.8 MPH) George Lundy scores Fu-Kang Duan to third Runner from 3rd tries for Home, throw by CF and OUT! 8-2 Eduardo Camacho to second
|
|
Batting: RHB Kennet Strijbis
|
0-0: Ball 1-0: Ground out 4-3 (Groundball, 4, EV 76.3 MPH)
|
| Top of the 8th over - 1 run, 2 hits, 0 errors, 1 left on base; Colorado Springs 5 - Gwinnett 2 |
| BOTTOM OF THE 8TH |
|
Gwinnett Braves batting - Pitching for Colorado Springs Sky Sox : RHP Mason Albrecht
|
|
Batting: LHB Davey Schonewille
|
0-0: Ground out U3 (Groundball, 3, EV 92.5 MPH)
|
|
Batting: RHB Ian Sousa
|
0-0: Ball 1-0: Swinging Strike 1-1: Swinging Strike 1-2: DOUBLE (Line Drive, 7LM, EV 109.4 MPH)
|
|
Batting: RHB Jesse Lester
|
0-0: Ball 1-0: Called Strike 1-1: Called Strike 1-2: Foul Ball, location: 2F 1-2: Ball 2-2: Fly out, F9 (Flyball, 89XD, EV 91.3 MPH) Runner from 2nd tags up, SAFE at 3rd, no throw by RF
|
|
Batting: RHB Alex Munoz
|
0-0: Fly out, F3 (Popup, 3L, EV 58.1 MPH)
|
| Bottom of the 8th over - 0 runs, 1 hit, 0 errors, 1 left on base; Colorado Springs 5 - Gwinnett 2 |
| TOP OF THE 9TH |
|
Colorado Springs Sky Sox batting - Pitching for Gwinnett Braves : RHP Craig Noble
|
|
Pitching: RHP Carlos Heredia
|
|
|
Batting: LHB Dave Doughty
|
0-0: Foul Ball, location: 2F 0-1: Called Strike 0-2: Ground out 3-1 (Groundball, 34S, EV 85.0 MPH)
|
|
Batting: LHB Koson Hirai
|
0-0: Ball 1-0: Foul Ball, location: 2F 1-1: Ball 2-1: Swinging Strike 2-2: Ball 3-2: Strikes out swinging
|
|
Batting: RHB Devine Adams
|
0-0: Fly out, F8 (Flyball, 8RXD, EV 92.5 MPH)
|
| Top of the 9th over - 0 runs, 0 hits, 0 errors, 0 left on base; Colorado Springs 5 - Gwinnett 2 |
| BOTTOM OF THE 9TH |
|
Gwinnett Braves batting - Pitching for Colorado Springs Sky Sox : RHP Mason Albrecht
|
|
Pitching: LHP Tristan Morrow
|
|
|
Batting: RHB T.J. Jordan
|
0-0: Ball 1-0: Ball 2-0: Ball 3-0: Called Strike 3-1: Swinging Strike 3-2: Foul Ball, location: 2F 3-2: Foul Ball, location: 2F 3-2: Base on Balls
|
|
Batting: RHB Bill Turnbull
|
0-0: Fielders Choice at 2nd, 5-4 (Groundball, 56, EV 106.3 MPH)
|
|
Batting: RHB Luis Revilla
|
0-0: Ball 1-0: Ball 2-0: Called Strike 2-1: Fly out, F7 (Line Drive, 7, EV 83.8 MPH)
|
|
Batting: LHB Curt Nelson
|
0-0: Fielders Choice at 2nd, 6-4 (Groundball, 6, EV 100.6 MPH)
|
| Bottom of the 9th over - 0 runs, 0 hits, 0 errors, 1 left on base; Colorado Springs 5 - Gwinnett 2 |
|